 Dungeon Crawl Stone Soup version 0.26-a0-612-gd4d190f45e (webtiles) character file.

Game seed: 3148362803429769474

21 DogServant the Bolt Thrower (level 3, 21/22 HPs)
             Began as a Kobold Hunter on Sept 10, 2020.
             Quit the game on level 2 of the Dungeon.
             The game lasted 00:03:16 (1135 turns).

DogServant the Bolt Thrower (Kobold Hunter)         Turns: 1135, Time: 00:03:16

Health: 21/22      AC:  3    Str:  9    XL:     3   Next: 2%
Magic:  3/3        EV: 15    Int: 12    God:
Gold:   97         SH:  0    Dex: 16    Spells: 2/2 levels left

rFire    . . .     SeeInvis .   b - +0 short sword
rCold    . . .     Faith    .   (shield restricted)
rNeg     . . .     Spirit   .   c - +0 leather armour
rPois    .         Reflect  .   (no helmet)
rElec    .         Harm     .   (no cloak)
rCorr    .         Clarity  +   (no gloves)
MR       .....                  (no boots)
Stlth    +++.......             (no amulet)
HPRegen  0.07/turn              (no ring)
MPRegen  0.08/turn              (no ring)

@: no status effects
A: small, clarity, nightstalker 3, no potion heal 1, MP-powered wands
a: no special abilities


You were on level 2 of the Dungeon.
You visited 1 branch of the dungeon, and saw 2 of its levels.

You collected 97 gold pieces.

Inventory:

Hand Weapons
 a - a +1 hand crossbow
 b - a +0 short sword (weapon)
Missiles
 d - 40 bolts
 i - 100 arrows
 m - 16 sling bullets
Armour
 c - a +0 leather armour (worn)
 g - a cursed +0 cloak
Scrolls
 n - a scroll of amnesia {unknown}
 o - a scroll of noise {unknown}
Potions
 f - 2 potions of might
 h - a potion of haste {unknown}
 k - a potion of resistance {unknown}
 l - a potion of flight {unknown}


   Skills:
 + Level 2.3 Fighting
 + Level 1.2 Short Blades
 * Level 5.2 Crossbows
 + Level 2.7 Dodging
 + Level 1.9 Stealth


You had 2 spell levels left.
You didn't know any spells.
Your spell library was empty.

Dungeon Overview and Level Annotations

Branches:
Dungeon (2/15)

Altars:


Innate Abilities, Weirdness & Mutations

You are small and have problems with some larger weapons.
You are completely attuned to the shadows.
You possess an exceptional clarity of mind.
Potions are less effective at restoring your health.
You expend magic power (3 MP) to strengthen your wands.


Message History

Found 9 gold pieces and a scroll labeled KAMAUD SOQINK.
The goblin unwields a +0 hunting sling.
The goblin wields a +0 dagger.
The goblin misses you.
You closely miss the goblin. The goblin hits you but does no damage.
You barely miss the goblin. The goblin hits you with a +0 dagger.
You hit the goblin.
The goblin is moderately wounded.
The goblin misses you.
You hit the goblin.
You kill the goblin!
Things that are here:
a +0 dagger; a +0 hunting sling; 21 stones Really quaff the potion of mutation?
You feel extremely strange.
Your system partially rejects the healing effects of potions.
You feel your magical essence link to the dungeon's wands.
Your thoughts seem clearer.
Quiver which item? (- for none, * to show all) (? for menu, Esc to quit)
Okay, then.
Are you sure you want to abandon this character and quit the game? (Confirm with "yes".)

....#.#.#..###.#...#
##.........#?......#
#..#..#.#.#..#.#..#
#........ ......(#
#.#....# ......##
.#.#..# ....).#
.#..@.# ...$### ....
####


There were no monsters in sight!

Vanquished Creatures
  A giant cockroach (D:1)
  3 hobgoblins
  4 jackals (D:1)
  3 bats (D:1)
  3 goblins
  2 kobolds (D:1)
  6 rats
22 creatures vanquished.

Notes
Turn   | Place    | Note
-------+----------+-------------------------------------------
     0 | D:1      | DogServant the Kobold Hunter began the quest for the Orb.
     0 | D:1      | Reached XP level 1. HP: 12/12 MP: 1/1
   157 | D:1      | Reached skill level 5 in Crossbows
   276 | D:1      | Reached XP level 2. HP: 17/17 MP: 2/2
   356 | D:1      | Reached skill level 1 in Short Blades
  1086 | D:2      | Reached XP level 3. HP: 22/22 MP: 3/3
  1134 | D:2      | Gained mutation: Potions are less effective at restoring
                  | your health. [potion of mutation]
  1134 | D:2      | Gained mutation: You expend magic power (3 MP) to
                  | strengthen your wands. [potion of mutation]
  1134 | D:2      | Gained mutation: You possess an exceptional clarity of
                  | mind. [potion of mutation]
  1135 | D:2      | Quit the game

Illustrated notes

Levels and vault maps discovered:
D:1:      dpeg_arrival_line_fractal, layout_basic, minmay_pentomino_z2
D:2:      layout_rooms, chequers_serial_rivers_micro_a, hangedman_decor_points,
          uniq_natasha

Skill      XL: |  1  2 |
---------------+-------+-----
Crossbows      | 5 |  5.2
Short Blades   | 1 |  1.2
Fighting       | |  2.3
Dodging        | |  2.7
Stealth        | |  1.9

Action                   || total
-------------------------++-------
Melee: Short sword       ||    51
 Fire: Hand crossbow     ||     3
  Use: Scroll            ||     2
       Potion            ||     1
 Stab: Sleeping          ||     4
Armor: Leather armour    ||    16
Dodge: Dodged            ||    45

Table legend: (Time is in decaauts)
 A = Elapsed time spent in this place.
 B = Non-inter-level travel time spent in this place.
 C = Inter-level travel time spent in this place.
 D = Time resting spent in this place.
 E = Time spent auto-exploring this place.
 F = Levels seen in this place.
 G = Mean time per level.
                   A        B        C        D        E       F      G
               +--------+--------+--------+--------+--------+-----+--------+
         Total |   1136 |   1105 |     31 |      0 |    917 |   2 |  568.0 |
       Dungeon |   1136 |   1105 |     31 |      0 |    917 |   2 |  568.0 |
               +--------+--------+--------+--------+--------+-----+--------+

Top non-repeatable levels by time:
     D:1: 1049 daAuts
     D:2: 87 daAuts
